 Dungeon Crawl Stone Soup version 0.28.0-53-g5a82cb258f (webtiles) character file.

Game seed: 12470364636518544924

998 BiggyShaggy the Poker (level 8, -27/70 HPs)
             Began as a Minotaur Fighter on June 25, 2022.
             Killed by an exploding water moccasin skeleton (43 damage)
             ... ignited by their inner flame
             ... on level 5 of the Dungeon.
             The game lasted 00:25:50 (3277 turns).

BiggyShaggy the Poker (Minotaur Fighter)            Turns: 3277, Time: 00:25:52

Health: -27/70     AC:  9    Str: 23    XL:     8   Next: 0%
Magic:  7/7        EV: 10    Int:  5    God:
Gold:   185        SH:  5    Dex: 10    Spells: 7/7 levels left

rFire   . . .      SeeInvis .   a - +0 trident
rCold   . . .      Faith    .   c - +0 buckler
rNeg    . . .      Spirit   .   b - +0 scale mail
rPois   +          Reflect  .   (helmet restricted)
rElec   .          Harm     .   (no cloak)
rCorr   .          Rampage  .   (no gloves)
Will    .....                   (no boots)
Stlth   ..........              (no amulet)
HPRegen 0.21/turn               (no ring)
MPRegen 0.10/turn               (no ring)

@: no status effects
A: horns 2, retaliatory headbutt, iridescent scales 1, poison resistance,
MP-powered wands
a: no special abilities


You were on level 5 of the Dungeon.
You visited 1 branch of the dungeon, and saw 5 of its levels.

You collected 185 gold pieces.

Inventory:

Hand Weapons
 a - a +0 trident (weapon)
 j - a +0 dagger
 n - a +0 hunting sling
 o - a +3 long sword
Missiles
 h - 49 sling bullets
Armour
 b - a +0 scale mail (worn)
 c - a +0 buckler (worn)
 p - a +0 robe of willpower
Jewellery
 f - a ring of wizardry
 k - a ring of positive energy
Scrolls
 e - a scroll of teleportation {unknown}
 l - 2 scrolls of immolation
Potions
 d - a potion of might
 g - 2 potions of brilliance
 i - 2 potions of ambrosia
 m - a potion of curing


   Skills:
 + Level 5.8 Fighting
 + Level 7.4 Polearms
 + Level 6.6 Armour
 + Level 1.1 Dodging
 + Level 1.1 Stealth
 + Level 5.1 Shields


You had 7 spell levels left.
You didn't know any spells.
Your spell library contained the following spells:

 Spells                   Type           Power      Damage    Failure   Level
 Foxfire                  Conj/Fire      0%         2x1d4     85%         1
 Conjure Flame            Conj/Fire      0%         6-21      99%         3
 Inner Flame              Hex/Fire       0%         N/A       99%         3
 Flame Wave               Conj/Fire      0%         2d4       100%        4
 Borgnjor's Revivificati  Necr           0%         N/A       100%        8
 Necromutation            Tmut/Necr      0%         N/A       100%        8
 Death's Door             Necr           0%         N/A       100%        9


Dungeon Overview and Level Annotations

Branches:
Dungeon (5/15)             Temple (0/1) D:4

Altars:

Annotations:
D:4 2 runed translucent doors, quokkamancerX's ghost, amateur HOFi


Innate Abilities, Weirdness & Mutations

You have a pair of horns on your head.
You reflexively headbutt those who attack you in melee.
You are partially covered in iridescent scales. (AC +2)
Your system is resistant to poisons. (rPois)
You expend magic power (3 MP) to strengthen your wands.


Message History

The water moccasin skeleton bites you.
As you read the scroll of immolation, it crumbles to dust.
The creatures around you are filled with an inner flame!
The water moccasin skeleton bites you. The water moccasin zombie bites you.
You barely miss the water moccasin zombie.
The water moccasin zombie bites you.
You closely miss the water moccasin zombie.
Your headbutt misses the water moccasin zombie.
The water moccasin zombie barely misses you.
The water moccasin skeleton closely misses you.
You hit the water moccasin zombie.
Flame seeps out of the water moccasin zombie. x2
You headbutt the water moccasin zombie.
The water moccasin zombie is lightly damaged.
The water moccasin zombie is engulfed in blazing flames.
Flame seeps out of the water moccasin zombie.
The water moccasin zombie bites you but does no damage.
The water moccasin skeleton bites you but does no damage.
The water moccasin zombie is engulfed in blazing flames.
Flame seeps out of the water moccasin zombie.
The water moccasin zombie bites you but does no damage.
You completely miss the water moccasin zombie.
The water moccasin zombie is heavily damaged.
The water moccasin skeleton barely misses you.
The water moccasin zombie is engulfed in blazing flames.
Flame seeps out of the water moccasin zombie.
The water moccasin zombie barely misses you.
You furiously retaliate!
You headbutt the water moccasin zombie!
The water moccasin zombie explodes!
The fiery explosion engulfs the water moccasin skeleton!!
The fiery explosion engulfs you!!!
Ouch! That really hurt!
* * * LOW HITPOINT WARNING * * *
The fiery explosion engulfs something!!
Reactivating autopickup.
You feel a bit more experienced.
The sky beast explodes!
The water moccasin skeleton explodes!
The fiery explosion engulfs you!!!
Ouch! That really hurt!
You die...

.....########...####†###.#
#.# .........#####.## #.#
#.# #># ##..........)..###
#.# #.# #.#
####.##.........#
#.###.####.# #.#
#######.###...†......# #.#
#.).......###### #.#
#..######## #####.# #..#
......# #@§# ####### #○§#
#§§# ############
##§§####.. ...........#
#........# .#########.#
#......P.# .### #.#
#........# ...# #.#
#.......## ##.# #.#
#.#.#####


There were no monsters in sight!

Vanquished Creatures
  Grinder (D:3)
  A sky beast (D:5)
  An ogre (D:5)
  A centaur (D:5)
  A water moccasin zombie (D:5)
  A scorpion (D:5)
  2 water moccasin skeletons (D:5)
  2 wights (D:5)
  3 centaur zombies (D:5)
  2 bullfrog zombies (D:5)
  A hound (D:5)
  An iguana (D:4)
  3 centaur skeletons
  A scorpion zombie (D:5)
  2 hound zombies (D:5)
  A howler monkey skeleton (D:5)
  2 adders (D:3)
  An adder zombie (D:5)
  3 worms
  A dart slug (D:1)
  3 orcs
  5 endoplasms
  2 goblins (D:1)
  4 hobgoblins
  7 jackals
  4 kobolds
  4 quokkas
  4 ball pythons
  2 bats
  A frilled lizard (D:1)
  2 rats
69 creatures vanquished.

Vanquished Creatures (others)
  2 plants (D:1)
  4 withered plants (D:5)
6 creatures vanquished.

Grand Total: 75 creatures vanquished

Notes
Turn   | Place    | Note
-------+----------+-------------------------------------------
     0 | D:1      | BiggyShaggy the Minotaur Fighter began the quest for the
                  | Orb.
     0 | D:1      | Reached XP level 1. HP: 19/19 MP: 0/0
   130 | D:1      | Reached XP level 2. HP: 27/27 MP: 1/1
   826 | D:2      | You fall into a shaft and drop 2 floors!
   826 | D:4      | Found a staircase to the Ecumenical Temple.
   866 | D:4      | Reached XP level 3. HP: 33/33 MP: 2/2
   899 | D:4      | Reached skill level 3 in Polearms
   902 | D:4      | Found a runed translucent door.
  1050 | D:3      | Reached XP level 4. HP: 41/41 MP: 3/3
  1085 | D:3      | Noticed Grinder
  1103 | D:3      | Killed Grinder
  1104 | D:3      | Reached skill level 5 in Fighting
  1104 | D:3      | Reached skill level 4 in Polearms
  1104 | D:3      | Reached skill level 5 in Armour
  1104 | D:3      | Reached XP level 5. HP: 31/48 MP: 4/4
  1104 | D:3      | Reached XP level 6. HP: 36/56 MP: 5/5
  1123 | D:3      | Gained mutation: You are partially covered in iridescent
                  | scales. (AC +2) [potion of mutation]
  1123 | D:3      | Gained mutation: You expend magic power (3 MP) to
                  | strengthen your wands. [potion of mutation]
  1123 | D:3      | Gained mutation: Your system is resistant to poisons.
                  | (rPois) [potion of mutation]
  1603 | D:4      | Found a runed translucent door.
  1606 | D:4      | Noticed quokkamancerX's ghost (amateur HOFi)
  1620 | D:4      | Reached skill level 5 in Polearms
  1971 | D:5      | Entered Level 5 of the Dungeon
  2008 | D:5      | Reached skill level 5 in Shields
  2306 | D:5      | Reached XP level 7. HP: 59/61 MP: 6/6
  2382 | D:5      | Found a glowing drain.
  2413 | D:5      | Reached skill level 6 in Polearms
  2684 | D:5      | Reached skill level 1 in Stealth
  2694 | D:5      | Reached skill level 7 in Polearms
  2952 | D:5      | Reached skill level 1 in Dodging
  3220 | D:5      | Reached XP level 8. HP: 70/70 MP: 7/7
  3277 | D:5      | Killed by an exploding water moccasin skeleton... ignited
                  | by their inner flame

Illustrated notes

Levels and vault maps discovered:
D:1:      scummos_arrival_star, layout_basic, serial_bayou,
          serial_bayou_lagoon_a, serial_bayou_shore_b, serial_bayou_pond_d,
          serial_bayou_pond_d, serial_bayou_shore_b
D:2:      layout_basic, uniq_sigmund, uniq_natasha
D:3:      kennysheep_big_flooded_room, layout_basic, uniq_grinder,
          uniq_crazy_yiuf_cottage
D:4:      layout_basic, minmay_temple_entry_statues, ebering_ghost_sewer_f,
          chequers_jeans, minmay_misc_feat_secret_circle
D:5:      layout_loops_ring, serial_undead, serial_undead_c, serial_undead_c,
          serial_undead_b, serial_undead_e, serial_undead_a, serial_undead_a,
          serial_undead_d, serial_undead_c, serial_undead_f, serial_undead_e,
          cheibrodos_sewer_entry_drain

Skill      XL: |  1  2  3  4  5  6  7 |
---------------+----------------------+-----
Fighting       | 4 5 |  5.8
Armour         | 4 5 6 |  6.6
Shields        | 4 5 |  5.1
Polearms       | 3 4 5 7 |  7.4
Stealth        | 1 |  1.1
Dodging        | 1 |  1.1

Action                   |  1- 3 |  4- 6 |  7- 9 || total
-------------------------+-------+-------+-------++-------
Melee: Trident           |    51 |    91 |    81 ||   223
       Headbutt          |     7 |    17 |    18 ||    42
  Use: Scroll            |       |     7 |     2 ||     9
       Potion            |       |     1 |       ||     1
Armor: Scale mail        |    10 |    46 |    40 ||    96
Dodge: Dodged            |    18 |    55 |    39 ||   112
Block: Buckler           |     9 |    23 |    18 ||    50
